 Dungeon Crawl Stone Soup version 0.17.1-3-g152610e (webtiles) character file.

2301 Zhenya25pyc the Blocker (level 9, -1/48 HPs)
             Began as a Gargoyle Fighter on Apr 1, 2016.
             Slain by a wight
             ... wielding a +0 battleaxe
              (9 damage)
             ... on level 6 of the Dungeon.
             The game lasted 00:28:55 (5743 turns).

Zhenya25pyc the Blocker (Gargoyle Fighter)          Turns: 5743, Time: 00:28:55

Health: -1/48      AC: 14    Str: 21    XL:     9   Next: 40%
Magic:  9/9        EV: 10    Int:  9    God:
Gold:   246        SH: 11    Dex: 11    Spells: 0 memorised, 8 levels left

rFire  + . .     SeeInvis .     g - +1 mace (curse)
rCold  . . .     Clarity  .     B - +0 scale mail (curse)
rNeg   + . .     SustAt   .     c - +0 shield
rPois  ∞         Gourm    .     (helmet restricted)
rElec  +         Spirit   .     (no cloak)
rCorr  .         Warding  .     w - +0 pair of gloves (curse)
rMut   .         Stasis   .     (no boots)
MR     +....                    b - amulet of faith (curse)
Stlth  ..........               (no ring)
                                p - ring of protection from fire

@: very slow, somewhat resistant to hostile enchantments, extremely unstealthy
A: horns 1, frail 1, magic resistance 1, negative energy resistance 1,
electricity resistance, wild magic 1, unbreathing, petrification resistance, rot
immunity, AC +5
a: no special abilities


You were on level 6 of the Dungeon.
You were not hungry.

You visited 1 branch of the dungeon, and saw 6 of its levels.

You collected 246 gold pieces.

Inventory:

Hand Weapons
 a - a +0 flail
 g - a cursed +1 mace (weapon)
 t - a +9 war axe
Armour
 c - a +0 shield (worn)
 w - a cursed +0 pair of gloves (worn)
 B - a cursed +0 scale mail (worn)
Jewellery
 b - a cursed amulet of faith (around neck)
 p - a ring of protection from fire (left hand)
Wands
 r - a wand of fire (9)
 x - a wand of cold (6)
Scrolls
 i - a scroll of enchant armour {unknown}
 k - 4 scrolls of teleportation
 l - a scroll of amnesia {unknown}
 u - 4 scrolls of random uselessness {unknown}
 y - a scroll of fog {unknown}
 C - a scroll of fear {unknown}
Potions
 e - a potion of degeneration {unknown}
 f - a potion of curing
 h - a potion of magic {unknown}
 j - a potion of lignification {unknown}
 n - 2 potions of agility
 q - 2 potions of haste
 v - a potion of cancellation {unknown}
 D - a potion of poison {unknown}
Books
 z - a book of Cantrips

   Spells                             Type                      Level
   a - Corona                         Hexes                        1
   b - Animate Skeleton               Necromancy                   1
   c - Summon Small Mammal            Summoning                    1
   d - Apportation                    Translocation                1
Miscellaneous
 d - a plain deck of defence
Comestibles
 m - a bread ration
 o - a meat ration


   Skills:
 + Level 5.5 Fighting
 + Level 4.3(4.7) Axes
 + Level 3.2(4.5) Maces & Flails
 + Level 6.2 Armour
 + Level 4.3 Dodging
 + Level 1.2 Stealth
 + Level 8.1 Shields
 + Level 0.1 Evocations


You had 8 spell levels left.
You didn't know any spells.

Dungeon Overview and Level Annotations

Branches:
Dungeon (6/15)             Temple (0/1) D:6

Altars:
Ashenzari
Cheibriados
Nemelex Xobeh
The Shining One

Shops:
D:4 [?[(=


Innate Abilities, Weirdness & Mutations

You are resistant to torment.
Your stone body is resilient (AC +5).
You are immune to poison.
You resist negative energy.
You are resistant to electric shocks.
You can survive without breathing.
You are immune to petrification.
You are immune to rotting.
You have a pair of small horns on your head.
You are frail (-10% HP).
You are resistant to hostile enchantments.
Your spells are a little harder to cast, but a little more powerful.


Message History

The wight hits you but does no damage.
You closely miss the wight.
The wight is almost destroyed.
The wight closely misses you.
The giant cockroach bites you but does no damage.
You hit the wight but do no damage.
The wight is almost destroyed.
You block the giant cockroach's attack. The wight hits you with a battleaxe.
* * * LOW HITPOINT WARNING * * *
The giant cockroach closely misses you.
You closely miss the wight.
You headbutt the wight, but do no damage.
The wight is almost destroyed.
You block the giant cockroach's attack. The wight closely misses you.
You feel better.
The giant cockroach bites you but does no damage.
You block the wight's attack.
The giant cockroach bites you but does no damage.
The wight hits you with a battleaxe!
You die...

,,**
*,*#........)........... ,,*
**,*#....####.)..>.......
,,* *,,*#....#
#............. ,,**
**,**#....# #.#...........
,,,** **,,*
########.#...........
,,,,***,,**
###..#.........## ,,,,,**,**
##...##.........##
,,,,,**,**
###zs####...........
,,,,**#..#####.)@##
#..........#
,,,,,,.........###
#..........#
*,,***.....###.#
#########.#.
*,,*≈≈≈≈≈≈≈≈≈#.# ##.#.
*,,*≈*.,,,,*≈#.# #..#.
*,,,≈,,,,,,,≈..# ***#..).
*,,,≈,,,,,,,≈..# ***#.....##
**,,≈,,,>,,,≈..# **,#...####
*,,≈,,,,,,,≈..#******,....#*


You could see a wight and a giant cockroach.

Vanquished Creatures
  The ghost of Zhenya25pyc the Shield-Bearer, a novice GrFi of Okawaru (D:5)
  3 ice beasts (D:6)
  A phantom (D:4)
  A black bear (D:6)
  5 ogres
  A necrophage (D:4)
  A sky beast (D:5)
  Blork the orc (D:5)
  A giant frog (D:3)
  A wyvern skeleton (D:6)
  3 wights (D:6)
  An orc priest (D:4)
  2 hounds
  2 centaur skeletons
  A giant frog skeleton (D:4)
  A jelly (D:5)
  An iguana (D:4)
  3 worker ants
  Jessica (D:2)
  3 orc wizards
  Natasha (D:2)
  5 adders
  2 shadow imps
  An ooze (D:6)
  2 adder skeletons
  2 adder zombies
  A worm (D:5)
  4 giant geckos
  10 orcs
  5 giant cockroaches
  9 hobgoblins
  11 jackals
  7 kobolds
  2 quokkas
  A ball python (D:4)
  7 bats
  7 giant newts
  4 goblins
  9 rats
  A plant (D:4)
125 creatures vanquished.

Notes
Turn   | Place    | Note
--------------------------------------------------------------
     0 | D:1      | Zhenya25pyc the Gargoyle Fighter began the quest for the Orb.
     0 | D:1      | Reached XP level 1. HP: 14/14 MP: 1/1
   371 | D:1      | Reached XP level 2. HP: 19/19 MP: 2/2
   606 | D:1      | Reached skill level 4 in Shields
   862 | D:1      | Reached XP level 3. HP: 23/23 MP: 3/3
  1027 | D:2      | Noticed Jessica
  1037 | D:2      | Killed Jessica
  1037 | D:2      | Reached XP level 4. HP: 18/28 MP: 4/4
  1168 | D:2      | Found a glowing golden altar of the Shining One.
  1298 | D:2      | Noticed Natasha
  1315 | D:2      | Killed Natasha
  1315 | D:2      | Reached skill level 1 in Dodging
  1336 | D:2      | Reached XP level 5. HP: 32/32 MP: 5/5
  1503 | D:2      | Reached skill level 5 in Shields
  2169 | D:3      | Noticed an ogre
  2186 | D:3      | Killed an ogre
  2186 | D:3      | Reached XP level 6. HP: 34/38 MP: 6/6
  2311 | D:3      | Found a faded altar to an unknown god.
  2323 | D:3      | Became a worshipper of Cheibriados the Contemplative
  2323 | D:3      | Reached * piety under Cheibriados
  2325 | D:3      | Fell from the grace of Cheibriados
  2442 | D:4      | Found Tefat's Jewellery Boutique.
  2459 | D:4      | Reached skill level 1 in Axes
  2759 | D:4      | Found Vineschu's Armour Shop.
  2799 | D:4      | Reached XP level 7. HP: 15/43 MP: 7/7
  2886 | D:4      | Reached skill level 6 in Shields
  3202 | D:4      | Found Joqok's Magic Scroll Shoppe.
  3234 | D:4      | Found Xiymy's Antique Armour Boutique.
  3487 | D:4      | Gained mutation: You have a pair of small horns on your head. [potion of mutation]
  3487 | D:4      | Gained mutation: You are resistant to hostile enchantments. [potion of mutation]
  3487 | D:4      | Gained mutation: Your spells are a little harder to cast, but a little more powerful. [potion of mutation]
  3814 | D:4      | Found a shattered altar of Ashenzari.
  3961 | D:4      | Found a glowing golden altar of the Shining One.
  3989 | D:4      | Reached skill level 5 in Armour
  3989 | D:4      | Reached XP level 8. HP: 46/48 MP: 8/8
  4025 | D:4      | Found Sotwyc's Weapon Shop.
  4395 | D:5      | Entered Level 5 of the Dungeon
  4396 | D:5      | Found a sparkling altar of Nemelex Xobeh.
  4405 | D:5      | Noticed Zhenya25pyc's ghost (novice GrFi)
  4417 | D:5      | Killed Zhenya25pyc's ghost
  4417 | D:5      | Reached skill level 1 in Stealth
  4417 | D:5      | Reached skill level 7 in Shields
  4485 | D:5      | Noticed Blork the orc
  4493 | D:5      | Killed Blork the orc
  4667 | D:5      | Reached skill level 5 in Fighting
  4673 | D:5      | Gained mutation: You are frail (-10% HP). [mutagenic meat]
  5059 | D:6      | Reached XP level 9. HP: 37/48 MP: 9/9
  5245 | D:6      | Reached skill level 8 in Shields
  5740 | D:6      | HP: 1/48 [wight/battleaxe (6)]
  5743 | D:6      | Slain by a wight

Action                   |  1- 3 |  4- 6 |  7- 9 || total
-------------------------+-------+-------+-------++-------
Melee: Flail             |   135 |    67 |       ||   202
       War axe           |       |    62 |   184 ||   246
       Mace              |       |       |   166 ||   166
Invok: Renounce Religion |       |     1 |       ||     1
Evoke: Wand              |       |       |     1 ||     1
  Use: Scroll            |       |       |    17 ||    17
       Potion            |       |       |     3 ||     3
  Eat: Bread ration      |     1 |     1 |     1 ||     3
       Pizza             |       |       |     1 ||     1
       Meat ration       |       |       |     1 ||     1
       Fruit             |       |       |     1 ||     1
       Chunk             |       |       |     1 ||     1
